 Dungeon Crawl Stone Soup version 0.26-a0-497-g0187308201 (webtiles) character file.

Game seed: 15945478415479057102

38264 TommyAtkins the Carver (level 13, 0/108 HPs)
             Began as a Demonspawn Abyssal Knight on Aug 4, 2020.
             Was an Elder of Lugonu.
             Slain by a yak (6 damage)
             ... on level 6 of the Lair of Beasts on Aug 6, 2020.
             The game lasted 01:26:46 (16787 turns).

TommyAtkins the Carver (Demonspawn Abyssal Knight) Turns: 16787, Time: 01:26:46

Health: 0/108      AC: 23    Str: 14    XL:     13   Next: 62%
Magic:  14/14      EV: 15    Int: 19    God:    Lugonu [****..]
Gold:   971        SH:  0    Dex: 16    Spells: 12/12 levels left

rFire    + . .     SeeInvis .   p - +10 long sword "Dragonslayer" {flame, Int+5}
rCold    . . .     Faith    .   (no shield)
rNeg     . . .     Spirit   .   r - +4 plate armour of Duty {rCorr}
rPois    .         Reflect  .   m - +2 hat
rElec    .         Harm     .   A - scarf {repulsion}
rCorr    +                      K - +1 pair of gloves
MR       .....                  x - +0 pair of boots
Stlth    ..........             G - amulet of regeneration
HPRegen  0.68/turn              n - +4 ring of evasion
MPRegen  0.14/turn              z - ring of Fopp {+Fly rF+ Slay+2 Stlth+}

@: marked, repel missiles
A: horns 2, repulsion field 2, blink, demonic guardian 1, mutation resistance 1,
powered by pain 2, subdued magic 1
a: Blink, Depart the Abyss, Bend Space, Banish, Corrupt, Renounce Religion,
Evoke Flight


You were on level 6 of the Lair of Beasts.
You worshipped Lugonu.
Lugonu was greatly pleased with you.
You visited 2 branches of the dungeon, and saw 15 of its levels.
You visited the Abyss 1 time.
You also visited: Sewer.

You collected 971 gold pieces.

Inventory:

Hand Weapons
 p - the +10 long sword "Dragonslayer" (weapon) {flame, Int+5}
   (You found it on level 4 of the Lair of Beasts)

   It has been specially enchanted to burn those struck by it, causing extra
   injury to most foes and up to half again as much damage against particularly
   susceptible opponents.
   Big, fiery blades are also staple armaments of hydra-hunters.
   It affects your intelligence (+5).
 q - the +5 hand crossbow "Laoxt" {flame, +Fly rF+ Int+2 SInv}
   (You found it on level 5 of the Lair of Beasts)

   It causes projectiles fired from it to burn those they strike, causing extra
   injury to most foes and up to half again as much damage against particularly
   susceptible opponents.
   It affects your intelligence (+2).
   It protects you from fire.
   It lets you see invisible.
   It lets you fly.
 E - a +2 falchion
Missiles
 f - 6 boomerangs (quivered)
Armour
 m - a +2 hat (worn)
 r - the +4 plate armour of Duty (worn) {rCorr}
   (You found it on level 5 of the Lair of Beasts)

   It provides partial protection from all sources of acid and corrosion.
 x - a +0 pair of boots (worn)
 A - a scarf of repulsion (worn)
 K - a +1 pair of gloves (worn)
Jewellery
 n - a +4 ring of evasion (left hand)
 z - the ring of Fopp (right hand) {+Fly rF+ Slay+2 Stlth+}
   (You found it on level 8 of the Dungeon)

   [ring of stealth]

   It affects your accuracy and damage with ranged weapons and melee attacks
   (+2).
   It protects you from fire.
   It lets you fly.
   It makes you more stealthy.
 G - an amulet of regeneration (around neck)
Wands
 u - a wand of polymorph (10)
 y - a wand of enslavement (18)
 D - a wand of digging (2)
 J - a wand of iceblast (22)
 L - a wand of acid (15)
Scrolls
 a - a scroll of enchant armour
 c - 7 scrolls of identify
 l - 2 scrolls of teleportation
 s - a scroll of remove curse
 v - a scroll of amnesia
 C - a scroll of blinking
 I - 2 scrolls of summoning
 M - a scroll of brand weapon
Potions
 b - 4 potions of flight
 d - 3 potions of curing
 e - 5 potions of magic
 g - a potion of cancellation
 h - 4 potions of berserk rage
 i - 2 potions of might
 j - 2 potions of mutation
 k - a potion of haste
 o - 5 potions of brilliance
 w - 3 potions of lignification
 B - a potion of ambrosia
 F - a potion of resistance
Miscellaneous
 t - a phial of floods


   Skills:
 * Level 12.1 Fighting
 - Level 14.4 Long Blades
 + Level 8.2 Armour
 + Level 9.1 Dodging
 - Level 2.5 Invocations


You had 12 spell levels left.
You didn't know any spells.
Your spell library contained the following spells:

 Spells                   Type           Power        Failure   Level
 Beastly Appendage        Tmut           #.....       100%        1
 Sting                    Tmut/Pois      #...         100%        1
 Passwall                 Tmut/Erth      #.......     100%        2
 Poisonous Vapours        Pois/Air       #.....       100%        2
 Sublimation of Blood     Necr           #.........   100%        2
 Swiftness                Air            #.......     100%        2
 Wereblood                Tmut           #.......     100%        2
 Ignite Poison            Fire/Tmut/Pois #.......     100%        3
 Mephitic Cloud           Conj/Pois/Air  #.......     100%        3
 Spider Form              Tmut/Pois      #.........   100%        3
 Ice Form                 Ice/Tmut       #.......     100%        4
 Olgreb's Toxic Radiance  Pois           #.......     100%        4
 Passage of Golubria      Tloc           N/A          100%        4
 Petrify                  Tmut/Erth      #.......     100%        4
 Alistair's Intoxication  Tmut/Pois      #........    100%        5
 Blade Hands              Tmut           #.........   100%        5
 Irradiate                Conj/Tmut      #.........   100%        5
 Lee's Rapid Deconstruct  Erth           #.........   100%        5
 Eringya's Noxious Bog    Tmut/Pois      #.........   100%        6
 Hydra Form               Tmut           #.........   100%        6
 Invisibility             Hex            #.......     100%        6
 Statue Form              Tmut/Erth      #........    100%        6
 Dragon Form              Tmut           #.........   100%        7
 Haunt                    Necr/Summ      #.........   100%        7
 Borgnjor's Revivificati  Necr           #.........   100%        8
 Infestation              Necr           #.........   100%        8
 Necromutation            Tmut/Necr      #.........   100%        8
 Death's Door             Necr           #.........   100%        9


Dungeon Overview and Level Annotations

Branches:
Dungeon (9/15)             Temple (0/1) D:6            Lair (6/6) D:9
  Swamp (0/4) Lair:2       Spider (0/4) Lair:4        Slime (0/5) Lair:5
  Sewer (visited)
    Orc: D:9-12

Altars:
Ashenzari
Dithmenos
Fedhas
Kikubaaqudgha
Makhleb
Okawaru
Sif Muna
Wu Jian
Xom
Yredelemnul
The Shining One

Annotations:
D:3 2 transporters, pino's ghost, amateur DENe
Lair:6 corrupted


Innate Abilities, Weirdness & Mutations

You have a pair of horns on your head.
You are surrounded by a moderate repulsion field. (EV +3)
A weak demonic guardian rushes to your aid.
You sometimes gain power by taking damage.
You can translocate small distances at will.
You are somewhat resistant to further mutation.
Your spells are a little easier to cast, but a little less powerful.


Message History

You kill the yak!
Lugonu accepts your kill. The yak gores you but does no damage.
A yak comes into view.
The blink frog hits the plant!
The blink frog closely misses you.
The blink frog hits the plant!
The blink frog blinks!
A yak comes into view.
The yak misses you.
The blink frog hits the plant.
You hear the steady crackling of a melting archway nearby.
The blink frog hits something!
The yak gores you!
* * * LOW HITPOINT WARNING * * *
You feel better. The blink frog hits you.
* * * LOW HITPOINT WARNING * * *
The blink frog hits something but does no damage.
The dream sheep ruffle their wool and motes of dream dust sparkle, to no effect.
The blink frog hits you!
* * * LOW HITPOINT WARNING * * *
The blink frog hits you but does no damage.
The yak gores you.
You die...

,,,,,,,,,,,,,,,,.........#P......
,,,,,,,,,,......,.....Y.......Y§.
,,,,,,,,,,,.h...,,*#...........†.
,,*,,,,,,,,,....*,##YP........##.
,,,,,,,,,,,,,h..,##......#..####.
,,************..*#PFYY..#.#.P# #Y
,** ****** ##P*#hFYY.####..# #.
,** *,,,,***#.P##YYY.......## #.
.P##**,,,,##,+.F@FYYll.P.....**##
..PP**∩,,,..*#F##Y#YYY......Y,##.
....***,,,#.,+,,#Y#YY.........#PY
....**,,,,#.****F#Y..............
....******#R####4##...F..........
....###.#..#4.†S#*,...##.........
...†#.#...P#F†.##.#..#.....YY....
....?...hhYYYY#YY................
......F..#lFY#Y.X.......PP...P#..


You could see a komodo dragon, 9 yaks, a cane toad, a basilisk, 3 blink frogs, 2
wolves and 6 dream sheep.

Vanquished Creatures
  5 hydras
  2 two-headed ogres (D:8)
  4 death yaks (Lair:5)
  4 lindwurms (Lair:4)
  An orb spider (Lair:4)
  5 oklob plants
  A manticore (Lair:5)
  3 black mambas
  8 cane toads
  8 rime drakes
  3 komodo dragons
  2 polar bears (Lair:4)
  A tyrant leech (Lair:2)
  18 blink frogs
  14 hippogriffs
  42 yaks
  8 wyverns
  3 basilisks
  Menkaure (D:7)
  13 water moccasins
  7 porcupines
  A phantom (D:6)
  A sky beast (D:6)
  2 black bears
  3 ice beasts
  2 ogres
  4 necrophages (D:8)
  An eye of draining (D:8)
  2 wolves (Lair:2)
  3 centaurs
  9 crocodiles
  10 bullfrogs
  A water moccasin skeleton (D:5)
  A scorpion (D:9)
  6 killer bees (D:9)
  5 wights (D:8)
  2 howler monkeys
  3 electric eels (Lair:4)
  A jelly (D:9)
  3 orc wizards (D:9)
  An orc priest (D:9)
  4 hounds
  3 bullfrog skeletons
  An iguana (D:4)
  3 worker ants
  A hound skeleton (D:5)
  3 gnolls
  3 river rats
  12 adders
  2 shadow imps
  A white imp (D:6)
  2 ufetubi
  2 adder zombies
  4 worms
  3 dart slugs
  6 leopard geckos
  24 orcs
  5 ball pythons
  12 giant cockroaches
  8 goblins
  4 hobgoblins
  9 jackals
  10 kobolds
  6 quokkas
  9 bats
  6 frilled lizards
  A leopard gecko zombie (D:7)
  A quokka zombie (D:5)
  16 rats
  A fungus (Lair:2)
  3 plants (Lair:5)
379 creatures vanquished.

Vanquished Creatures (collateral kills)
  2 cane toads (Lair:3)
  A rime drake (Lair:3)
  2 blink frogs
  2 yaks (Lair:3)
  2 basilisks
  3 necrophages (D:8)
  An ogre (D:6)
  2 wolves (Lair:2)
  2 wights (D:8)
  A howler monkey (D:6)
  A gnoll (D:6)
  An orc (D:6)
  A quokka zombie (D:7)
21 creatures vanquished.

Vanquished Creatures (others)
  An elephant (Lair:6)
  A cane toad (Lair:6)
  3 blink frogs (Lair:6)
  3 yaks (Lair:6)
  A wolf (Lair:6)
  A bush (Lair:6)
  11 fungi
  13 plants
  8 starspawn tentacles (Lair:6)
  A withered plant (D:8)
43 creatures vanquished.

Grand Total: 443 creatures vanquished

Notes
Turn   | Place    | Note
-------+----------+-------------------------------------------
     0 | Abyss:1  | TommyAtkins the Demonspawn Abyssal Knight began the quest
                  | for the Orb.
     0 | Abyss:1  | Reached XP level 1. HP: 18/18 MP: 2/2
    52 | Abyss:1  | Noticed a blizzard demon
    54 | D:1      | Escaped the Abyss
   213 | D:1      | Gained mutation: You sometimes gain a little power by
                  | taking damage. [demonic ancestry]
   213 | D:1      | Reached XP level 2. HP: 19/24 MP: 3/3
   356 | D:1      | Reached skill level 2 in Long Blades
   369 | D:1      | Reached skill level 1 in Dodging
   457 | D:1      | Reached * piety under Lugonu
   701 | D:1      | Gained mutation: You are surrounded by a mild repulsion
                  | field. (EV +2) [demonic ancestry]
   701 | D:1      | Reached XP level 3. HP: 29/29 MP: 4/4
  1339 | D:2      | Found a shimmering altar of Xom.
  1661 | D:2      | Reached ** piety under Lugonu
  1661 | D:2      | Reached XP level 4. HP: 35/35 MP: 5/5
  1677 | D:2      | Reached skill level 3 in Long Blades
  1983 | D:2      | Found a shattered altar of Ashenzari.
  2187 | D:3      | Found a transporter.
  2190 | D:3      | Noticed pino's ghost (amateur DENe)
  2207 | D:3      | Found a basalt altar of Yredelemnul.
  2234 | D:3      | Found a blossoming altar of Fedhas.
  2344 | D:3      | Found a transporter.
  2552 | D:3      | Found a glowing drain.
  2557 | Sewer    | Entered a sewer
  2580 | Sewer    | Gained mutation: You have a pair of small horns on your
                  | head. [demonic ancestry]
  2580 | Sewer    | Reached XP level 5. HP: 27/41 MP: 6/6
  3327 | D:4      | Reached skill level 4 in Long Blades
  3677 | D:4      | Reached XP level 6. HP: 42/47 MP: 7/7
  4019 | D:4      | Found a shadowy altar of Dithmenos.
  4085 | D:5      | Entered Level 5 of the Dungeon
  4176 | D:5      | Found an iron altar of Okawaru.
  4872 | D:4      | Reached skill level 5 in Long Blades
  5165 | D:4      | Gained mutation: You are weak. (Str -2) [potion of
                  | mutation]
  5165 | D:4      | Gained mutation: You passively map a small area around you.
                  | [potion of mutation]
  5165 | D:4      | Gained mutation: Your spells are a little easier to cast,
                  | but a little less powerful. [potion of mutation]
  5165 | D:4      | Gained mutation: You can translocate small distances at
                  | will. [potion of mutation]
  5166 | D:4      | Lost mutation: You passively map a small area around you.
                  | [potion of mutation]
  5166 | D:4      | Lost mutation: You are weak. (Str -2) [potion of mutation]
  5166 | D:4      | Gained mutation: You are somewhat resistant to further
                  | mutation. [potion of mutation]
  5356 | D:5      | Gained mutation: A weak demonic guardian rushes to your
                  | aid. [demonic ancestry]
  5356 | D:5      | Reached XP level 7. HP: 42/52 MP: 8/8
  5539 | D:5      | Found a burning altar of Makhleb.
  5719 | D:5      | Found an ornate altar of the Wu Jian Council.
  5729 | D:5      | Found a glowing golden altar of the Shining One.
  6315 | D:6      | Reached skill level 6 in Long Blades
  6404 | D:6      | Found a staircase to the Ecumenical Temple.
  6543 | D:6      | Reached *** piety under Lugonu
  6586 | D:6      | Reached skill level 7 in Long Blades
  6807 | D:6      | Got a jewelled flail
  6894 | D:6      | Reached XP level 8. HP: 47/58 MP: 9/9
  7138 | D:6      | Identified the +6 flail of Arbitration {venom, *Slow rF+
                  | MR+} (You found it on level 6 of the Dungeon)
  7482 | D:7      | Reached skill level 8 in Long Blades
  7567 | D:7      | Noticed Menkaure
  7578 | D:7      | Killed Menkaure
  7850 | D:7      | Noticed a hippogriff
  7859 | D:7      | Killed a hippogriff
  7859 | D:7      | Reached skill level 9 in Long Blades
  8156 | D:7      | Reached **** piety under Lugonu
  8317 | D:7      | Upgraded the game from 0.26-a0-490-gf8362a0c98 to
                  | 0.26-a0-497-g0187308201
  8318 | D:8      | Noticed a two-headed ogre
  8383 | D:8      | Gained mutation: You have a pair of horns on your head.
                  | [demonic ancestry]
  8383 | D:8      | Reached XP level 9. HP: 34/64 MP: 10/10
  8640 | D:8      | Noticed a two-headed ogre
  8659 | D:8      | Reached skill level 10 in Long Blades
  8684 | D:8      | Killed a two-headed ogre
  8684 | D:8      | Reached skill level 11 in Long Blades
  8861 | D:8      | Got a faintly glowing turquoise ring
  8866 | D:8      | Identified the ring of Fopp {+Fly rF+ Slay+2 Stlth+} (You
                  | found it on level 8 of the Dungeon)
  9003 | D:8      | Killed a two-headed ogre
  9003 | D:8      | Reached skill level 12 in Long Blades
  9535 | D:8      | Reached XP level 10. HP: 68/68 MP: 4/11
  9761 | D:9      | Found a staircase to the Lair.
 10065 | D:9      | Found a shimmering blue altar of Sif Muna.
 10197 | D:9      | Found an ancient bone altar of Kikubaaqudgha.
 10227 | D:9      | Reached ***** piety under Lugonu
 10481 | Lair:1   | Entered Level 1 of the Lair of Beasts
 10492 | Lair:1   | Reached skill level 13 in Long Blades
 10798 | Lair:1   | Reached skill level 14 in Long Blades
 10798 | Lair:1   | Noticed a cane toad
 10918 | Lair:1   | Killed a cane toad
 10947 | Lair:1   | Got a jewelled leather armour
 10958 | Lair:1   | Identified the +2 leather armour of Serendipity {+Inv rElec
                  | Str+4} (You found it on level 1 of the Lair of Beasts)
 11170 | Lair:1   | Reached XP level 11. HP: 53/75 MP: 12/12
 11628 | Lair:2   | Reached skill level 5 in Fighting
 12164 | Lair:2   | Noticed a four-headed hydra
 12179 | Lair:2   | Noticed a four-headed hydra
 12328 | Lair:2   | Killed a two-headed hydra
 12328 | Lair:2   | Reached skill level 5 in Armour
 12333 | Lair:2   | Killed a one-headed hydra
 12524 | Lair:2   | Found a staircase to the Swamp.
 12691 | Lair:3   | Got a jewelled dagger
 12692 | Lair:3   | Identified the cursed +0 dagger of Xocit {vorpal, Int+2}
                  | (You found it on level 3 of the Lair of Beasts)
 13028 | Lair:3   | Noticed a six-headed hydra
 13046 | Lair:3   | Killed a one-headed hydra
 13046 | Lair:3   | Reached skill level 5 in Dodging
 13046 | Lair:3   | Gained mutation: You sometimes gain power by taking damage.
                  | [demonic ancestry]
 13046 | Lair:3   | Reached XP level 12. HP: 47/91 MP: 13/13
 13121 | Lair:3   | Noticed a four-headed hydra
 13131 | Lair:3   | Killed a one-headed hydra
 14581 | Lair:4   | Got a shimmering long sword
 14584 | Lair:4   | Identified the +10 long sword "Dragonslayer" {flame, Int+5}
                  | (You found it on level 4 of the Lair of Beasts)
 14854 | Lair:4   | Found a hole to the Spider Nest.
 15015 | Lair:4   | Noticed a seven-headed hydra
 15025 | Lair:4   | Killed a three-headed hydra
 15025 | Lair:4   | Reached skill level 10 in Fighting
 15541 | Lair:5   | Noticed a death yak
 15541 | Lair:5   | Noticed a death yak
 15541 | Lair:5   | Noticed a death yak
 15542 | Lair:5   | Noticed a death yak
 15557 | Lair:5   | Killed a death yak
 15572 | Lair:5   | Killed a death yak
 15572 | Lair:5   | Gained mutation: You are surrounded by a moderate repulsion
                  | field. (EV +3) [demonic ancestry]
 15572 | Lair:5   | Reached XP level 13. HP: 44/104 MP: 14/14
 15754 | Lair:5   | Got a twisted plate armour
 15765 | Lair:5   | Identified the +4 plate armour of Duty {rCorr} (You found
                  | it on level 5 of the Lair of Beasts)
 15768 | Lair:5   | Got an iridescent hand crossbow
 15769 | Lair:5   | Identified the +5 hand crossbow "Laoxt" {flame, +Fly rF+
                  | Int+2 SInv} (You found it on level 5 of the Lair of Beasts)
 16216 | Lair:5   | Found a staircase to the Slime Pits.
 16518 | Lair:6   | Entered Level 6 of the Lair of Beasts
 16561 | Lair:6   | Corrupted Lair:6
 16561 | Lair:6   | Noticed a tentacled starspawn
 16562 | Lair:6   | Noticed a tentacled starspawn
 16787 | Lair:6   | Slain by a yak

Illustrated notes

Levels and vault maps discovered:
D:1:      heliophobic_arrival_henge, layout_loops_ring, serial_bayou_pond_d,
          kennysheep_small_spiral, minmay_misc_feat_iff, minivault_25
D:2:      layout_rooms, ashenzari_conservatory_becter, lemuel_round_altar,
          serial_bayou_lagoon_a, minmay_pentomino_v4
D:3:      layout_basic, lemuel_round_altar, yredelemnul_altar_generic,
          gammafunk_ghost_stat_death, portal_sewer_entry_e, minmay_crystal_water
D:4:      layout_basic, marbit_many_paths
D:5:      layout_layer_cave, nicolae_overflow_hidden_temple,
          amethyst_overflow_temple_binary, serial_bayou_pond_b,
          okawaru_metal_pillars_3
D:6:      layout_loops_cross, minmay_temple_entry_statues_fountains,
          sigmund_army
D:7:      layout_loops_ring, uniq_menkaure
D:8:      layout_rooms, serial_undead, serial_undead_c, serial_undead_e,
          serial_undead_f, serial_undead_c, serial_undead_f, serial_undead_b
D:9:      layout_rooms, kiku_gazebo_garden_becter, led_sif_pool,
          dpeg_oklobed_lair, lemuel_flamethrower_2
Lair:1:   layout_cave_shapes
Lair:2:   layout_gridlike, palyth_hydra_swamp_entry, grunt_megastairs_2,
          serial_bayou_shore_b
Lair:3:   layout_small_grid
Lair:4:   layout_regular_city, nicolae_spider_entry_orb_guardian, serial_bayou,
          serial_bayou_shore_b, serial_bayou_pond_e, serial_bayou_shore_a,
          serial_bayou_pond_d, serial_bayou_pond_d, serial_bayou_lake_a,
          st_stairs_13, chequers_serial_rivers_micro_e, minmay_lindwurm_lava
Lair:5:   layout_roguey [special_room_mythical_zoo],
          minmay_slime_entry_oklob_open, small_statue_intersection,
          chequers_serial_rivers_micro_d, minmay_lair_oklob_chamber
Lair:6:   due_jungle_book, layout_gridlike, portal_ice_cave_demonic_guard

Skill      XL: |  1  2  3  4  5  6  7  8  9 10 11 12 13 |
---------------+----------------------------------------+-----
Armour         | 2 6 7 8 |  8.2
Long Blades    | 2 3 4 5 7 9 12 14 | 14.4
Dodging        | 1 2 3 4 5 8 9 |  9.1
Fighting       | 7 10 12 | 12.1
Invocations    | |  2.5

Action                   |  1- 3 |  4- 6 |  7- 9 | 10-12 | 13-15 || total
-------------------------+-------+-------+-------+-------+-------++-------
Melee: Falchion          |   126 |   194 |       |       |       ||   320
       Headbutt          |       |    30 |    56 |   182 |    52 ||   320
       Long sword        |       |    68 |   249 |   655 |   187 ||  1159
Throw: Boomerang         |       |     8 |    10 |    39 |       ||    57
Invok: Depart the Abyss  |     1 |       |       |       |       ||     1
       Bend Space        |       |     1 |       |       |       ||     1
       Corrupt           |       |       |       |       |     1 ||     1
 Abil: Evoke Flight      |       |       |       |     2 |     1 ||     3
Evoke: Wand              |       |       |       |       |     1 ||     1
  Use: Scroll            |       |    13 |       |     6 |     5 ||    24
       Potion            |       |     8 |     2 |     2 |     1 ||    13
 Stab: Distracted        |       |     1 |       |     8 |     6 ||    15
       Sleeping          |       |       |       |     2 |       ||     2
Armor: Leather armour    |    15 |       |       |    74 |       ||    89
       Ring mail         |    20 |    32 |       |       |       ||    52
       Chain mail        |       |    47 |    85 |    45 |       ||   177
       Plate armour      |       |       |       |    23 |   113 ||   136
Dodge: Dodged            |    78 |   174 |   195 |   385 |   148 ||   980
       Repelled          |       |       |       |     7 |     6 ||    13
       Rpst.: Falchion   |    25 |    42 |       |       |       ||    67
       Long sword        |       |    12 |    58 |   104 |    41 ||   215

Table legend: (Time is in decaauts)
 A = Elapsed time spent in this place.
 B = Non-inter-level travel time spent in this place.
 C = Inter-level travel time spent in this place.
 D = Time resting spent in this place.
 E = Time spent auto-exploring this place.
 F = Levels seen in this place.
 G = Mean time per level.
                   A        B        C        D        E       F      G
               +--------+--------+--------+--------+--------+-----+--------+
         Total |  16753 |  16744 |      9 |   3913 |   7602 |  17 |  985.5 |
       Dungeon |  10099 |  10099 |      0 |   2586 |   4829 |   9 | 1122.1 |
          Lair |   6071 |   6062 |      9 |   1205 |   2773 |   6 | 1011.8 |
         Abyss |     54 |     54 |      0 |      0 |      0 |   1 |   54.0 |
         Sewer |    528 |    528 |      0 |    122 |      0 |   1 |  528.0 |
               +--------+--------+--------+--------+--------+-----+--------+

Top non-repeatable levels by time:
     D:4: 1581 daAuts
     D:5: 1532 daAuts
  Lair:3: 1427 daAuts
     D:7: 1381 daAuts
  Lair:2: 1266 daAuts
  Lair:4: 1236 daAuts
     D:6: 1168 daAuts
     D:1: 1120 daAuts
  Lair:5: 1107 daAuts
     D:2: 977 daAuts
     D:8: 858 daAuts
     D:9: 829 daAuts
  Lair:1: 780 daAuts
     D:3: 650 daAuts
   Sewer: 528 daAuts
